[Event "Chess House GM December 2019"]
[Site "Aarhus"]
[Date "2019.12.17"]
[Round "9.5"]
[White "Vasli, Aref"]
[Black "Smith, Axel"]
[Result "1/2-1/2"]
[ECO "C83"]
[WhiteElo "2413"]
[BlackElo "2470"]
[Annotator "ChessBase"]
[PlyCount "78"]
[EventDate "2019.12.11"]
[EventType "tourn"]
[EventCountry "DEN"]
[SourceTitle "playchess.com"]
[Source "ChessBase"]
[SourceQuality "1"]
[TimeControl "40/5400+30:1800+30"]

1. e4 e5 2. Nf3 Nc6 3. Bb5 a6 4. Ba4 Nf6 5. O-O Nxe4 6. d4 Be7 7. Re1 b5 8. Bb3 d5 9. dxe5 Be6 10. c3 O-O 11. Nbd2 Nc5 12. Bc2 d4 13. Nb3 dxc3 14. bxc3 Qxd1 15. Rxd1 Na4 16. Nbd4 Nxd4 17. cxd4 Nc3 18. Re1 h6 19. Bd2 Nd5 20. Be4 c5 21. dxc5 Bxc5 22. Red1 Rad8 23. Ba5 Bb6 24. Bxd5 Bxa5 25. Bxe6 fxe6 26. Rac1 Bc3 27. Kf1 b4 28. Ke2 a5 29. a4 Rc8 30. Rd6 Bxe5 31. Rxc8 Bxd6 32. Rc6 Bf4 33. g3 Bg5 34. Nd4 e5 35. Nb3 e4 36. Nxa5 Ra8 37. Rc5 b3 38. Nxb3 Rxa4 39. Rc2 Kf7 1/2-1/2